 Dungeon Crawl Stone Soup version 0.18.1-8-gdd0e5ea (webtiles) character file.

604 Chiseanne the Vandal (level 7, -8/36 HPs)
             Began as a Spriggan Hunter on May 21, 2016.
             Killed by divine providence
             ... invoked by an orc priest
              (11 damage)
             ... on level 4 of the Dungeon.
             The game lasted 00:09:36 (4044 turns).

Chiseanne the Vandal (Spriggan Hunter)              Turns: 4044, Time: 00:09:38

Health: -8/36      AC:  3    Str:  8    XL:     7   Next: 18%
Magic:  8/8        EV: 22    Int: 13    God:
Gold:   211        SH:  0    Dex: 16    Spells: 0 memorised, 6 levels left

rFire  . . .     SeeInvis +     w - +1 hunting sling
rCold  . . .     Gourm    .     c - +1 robe
rNeg   . . .     Faith    .     (shield restricted)
rPois  .         Spirit   .     (helmet restricted)
rElec  .         Dismiss  .     (no cloak)
rCorr  .         Reflect  .     (gloves unavailable)
SustAt .         Harm     +     (boots unavailable)
MR     +....                    m - amulet of harm
Stlth  +++.......               (no ring)
                                (no ring)

@: very quick, somewhat resistant to hostile enchantments, fairly stealthy
A: unfitting armour, see invisible, clumsy 1, herbivore 3, speed 3, slow
metabolism 2
a: no special abilities


You were on level 4 of the Dungeon.
You were not hungry.

You visited 1 branch of the dungeon, and saw 4 of its levels.

You collected 211 gold pieces.

Inventory:

Hand Weapons
 a - a +0 short sword
 w - a +1 hunting sling (weapon)
Missiles
 e - 109 stones (quivered)
 g - 62 arrows
 l - 4 tomahawks
Armour
 c - a +1 robe (worn)
Jewellery
 m - an amulet of harm (around neck)
Wands
 h - a wand of iceblast (4/15)
Scrolls
 b - 2 scrolls of teleportation
 j - 6 scrolls of identify
 n - 5 scrolls of remove curse
Comestibles
 f - 2 bread rations
 i - a slice of pizza
 k - 7 fruits


   Skills:
 + Level 3.0 Fighting
 * Level 7.2 Slings
 * Level 7.1 Dodging
 + Level 4.7 Stealth


You had 6 spell levels left.
You didn't know any spells.

Dungeon Overview and Level Annotations

Branches:
Dungeon (4/15)
 Temple: D:4-7

Altars:
Kikubaaqudgha
Ru


Innate Abilities, Weirdness & Mutations

You are tiny and cannot use many weapons and most armour.
You have supernaturally acute eyesight.
You are a herbivore.
You cover ground extremely quickly.
You need consume almost no food.
You are clumsy. (Dex -2)


Message History

Pain shoots through your body! The hound skeleton closely misses you.
Firing (i - inventory. (,) - cycle):
e - 110 stones (quivered)
Press: ? - help, Shift-Dir - straight line, f/p - orc priest
Aim: an orc priest, wearing a chain mail (severely wounded)
You shoot a stone. The stone barely misses the orc priest.
The stone closely misses the orc wizard.
The hound skeleton bites you.
Firing (i - inventory. (,) - cycle):
e - 109 stones (quivered)
Press: ? - help, Shift-Dir - straight line, f/p - orc priest
Aim: an orc priest, wearing a chain mail (severely wounded)
Okay, then.
The hound skeleton misses you.
The orc priest calls down the wrath of Beogh upon you.
Beogh smites you!
* * * LOW HITPOINT WARNING * * *
The orc wizard gestures wildly while chanting.
The orc wizard seems to speed up.
The orc priest mumbles some strange prayers to Beogh against you.
Beogh smites you!
You die...

(..# # ###(.# #. #.#(.#
.###.###.#(.############
........(.(............#
.<....<....###.........# ##
..####...#.)...........## #.
#.......>..(..........รท.########.
##....((.((oo(Z.@................
#.#.....#..............#####....
##.#.....#.......................
.....s#..##..#.........######.###
......##..#..#####.##### ###..#
......###....# #.# #...####
.....Z'.##...#####.### ##.####(o
.....l###.#.....##...####..##.(.#
....>.##..##....####..##..###(###


You could see an orc priest, an orc wizard (invisible) and a hound skeleton.

Vanquished Creatures
  A phantom (D:4)
  An ogre (D:4)
  A scorpion (D:4)
  2 iguanas (D:4)
  4 orc wizards (D:3)
  A worker ant (D:4)
  A mummy (D:4)
  6 adders
  An ooze (D:4)
  An adder skeleton (D:4)
  4 worms (D:2)
  3 dart slugs
  17 orcs
  7 bats
  5 giant cockroaches
  9 hobgoblins
  5 quokkas
  A ball python (D:4)
  A giant newt (D:4)
  10 goblins
  A goblin zombie (D:4)
  6 kobolds
  An orc zombie (D:4)
  7 rats
96 creatures vanquished.

Vanquished Creatures (others)
  A human (D:2)
1 creature vanquished.

Grand Total: 97 creatures vanquished

Notes
Turn   | Place    | Note
--------------------------------------------------------------
     0 | D:1      | Chiseanne the Spriggan Hunter began the quest for the Orb.
     0 | D:1      | Reached XP level 1. HP: 10/10 MP: 2/2
    50 | D:1      | Reached skill level 5 in Slings
   127 | D:1      | Reached XP level 2. HP: 14/14 MP: 3/3
   557 | D:1      | Reached XP level 3. HP: 18/18 MP: 4/4
  1156 | D:2      | Found an ancient bone altar of Kikubaaqudgha.
  1162 | D:2      | Noticed a human
  1164 | D:2      | Killed a human
  1216 | D:2      | Reached XP level 4. HP: 23/23 MP: 5/5
  1319 | D:2      | Reached skill level 5 in Dodging
  1813 | D:3      | Found a faded altar to an unknown god.
  1902 | D:3      | Reached XP level 5. HP: 21/26 MP: 6/6
  2794 | D:3      | Found a sacrificial altar of Ru.
  2899 | D:4      | Noticed a phantom
  2900 | D:4      | Found a sand-covered staircase.
  2915 | D:4      | Reached XP level 6. HP: 32/32 MP: 7/7
  2981 | D:4      | Gained mutation: You are agile. (Dex +2) [potion of mutation]
  2981 | D:4      | Lost mutation: You are agile. (Dex +2) [potion of mutation]
  2981 | D:4      | Gained mutation: You are clumsy. (Dex -2) [potion of mutation]
  3518 | D:4      | Reached XP level 7. HP: 34/36 MP: 8/8
  4044 | D:4      | Killed from afar by an orc priest

Skill      XL: |  1  2  3  4  5  6 |
---------------+-------------------+-----
Slings         | 5 6 7 |  7.2
Stealth        | 2 3 4 |  4.7
Dodging        | 4 5 6 7 |  7.1
Fighting       | 2 3 |  3.0

Action                   |  1- 3 |  4- 6 |  7- 9 || total
-------------------------+-------+-------+-------++-------
 Fire: Hunting sling     |    91 |   219 |    58 ||   368
  Use: Scroll            |     4 |     3 |       ||     7
       Potion            |       |     3 |     1 ||     4
Armor: Robe              |     1 |     4 |     2 ||     7
Dodge: Dodged            |     3 |    55 |    12 ||    70
